 Dungeon Crawl Stone Soup version 0.20-a0-971-g5896763 (webtiles) character file.

64 Hybris the Skirmisher (level 4, -12/50 HPs)
             Began as an Ogre Fighter on Apr 8, 2017.
             Was an Initiate of Qazlal.
             Mangled by an ogre
             ... wielding a +0 giant club
              (23 damage)
             ... on level 3 of the Dungeon.
             The game lasted 00:03:18 (2465 turns).

Hybris the Skirmisher (Ogre Fighter)                Turns: 2465, Time: 00:03:19

Health: -12/50     AC:  3    Str: 21    XL:     4   Next: 12%
Magic:  4/4        EV:  8    Int:  9    God:    Qazlal [......]
Gold:   68         SH:  8    Dex:  8    Spells: 3/3 levels left

rFire    . . .     SeeInvis .   a - +0 flail
rCold    . . .     Gourm    .   c - +0 shield
rNeg     . . .     Faith    .   b - +0 robe
rPois    .         Spirit   .   (helmet restricted)
rElec    .         Reflect  .   (no cloak)
rCorr    .         Harm     .   (gloves unavailable)
MR       .....                  (boots unavailable)
Stlth    +.........             (no amulet)
Regen    0.2/turn               (no ring)
MPRegen  0.1/turn               (no ring)

@: no status effects
A: unfitting armour, tough skin 1
a: Renounce Religion


You were on level 3 of the Dungeon.
You worshipped Qazlal.
Qazlal was noncommittal.
You were not hungry.

You visited 1 branch of the dungeon, and saw 3 of its levels.

You collected 68 gold pieces.

Inventory:

Hand Weapons
 a - a +0 flail (weapon)
Missiles
 k - 8 tomahawks (quivered)
Armour
 b - a +0 robe (worn)
 c - a +0 shield (worn)
Scrolls
 e - a scroll of recharging
 g - a scroll of fog {unknown}
 h - a scroll of amnesia
 i - a scroll of identify {unknown}
 n - a scroll of fear
 o - 3 scrolls of teleportation {unknown}
 p - a scroll of blinking {unknown}
 q - a scroll of magic mapping {unknown}
 s - 3 scrolls of remove curse {unknown}
Potions
 d - a potion of might
 l - a potion of curing {unknown}
 m - a potion of brilliance {unknown}
Comestibles
 f - 3 bread rations
 j - 2 meat rations
 r - 5 chunks of flesh


   Skills:
 + Level 5.1 Fighting
 * Level 3.1 Maces & Flails
 - Level 2.6 Dodging
 - Level 2.6 Shields


You had 3 spell levels left.
You didn't know any spells.

Dungeon Overview and Level Annotations

Branches:
Dungeon (3/15)

Altars:
Qazlal


Innate Abilities, Weirdness & Mutations

You are too large for most types of armour.
You have tough skin. (AC +1)


Message History

The ogre is moderately wounded.
You block the ogre's attack.
You hit the ogre but do no damage.
The ogre is moderately wounded.
The ogre hits you with a giant club!
You barely miss the ogre.
The ogre is moderately wounded.
You block the ogre's attack.
Your shield prevents you from hitting the ogre.
The ogre is moderately wounded.
The ogre hits you with a giant club!
You are too injured to fight recklessly!
You hit the ogre.
The ogre is heavily wounded.
The ogre hits you with a giant club!
* * * LOW HITPOINT WARNING * * *
You hit the ogre.
The ogre is heavily wounded.
The ogre hits you with a giant club!!
You die...

#.###......#... #...#####..
#####..##.........###......##..
........#..........##....#.##..
.......)...........#....#.####
..............#..# #....#..###
#####.........#.# #.....#.##(
#...........##.####..#....
#.#.............# #.......
#.#......@O$#.. ..........
######.#.######..# ##...##..>
##......#.# ..# ##.# ##..
##.........# #.# #+ ##.
#..........# .# #.
#............. .# #..
#..........#..# . #...
#..........#(.# # #....
#..........# .# #.....


You could see an ogre.

Vanquished Creatures
  2 adders
  A dart slug (D:2)
  A leopard gecko (D:3)
  2 orcs (D:3)
  2 giant cockroaches
  A goblin (D:3)
  6 hobgoblins
  4 jackals (D:1)
  7 kobolds
  A quokka (D:3)
  7 bats
  2 frilled lizards (D:1)
  4 rats
40 creatures vanquished.

Notes
Turn   | Place    | Note
-------+----------+-------------------------------------------
     0 | D:1      | Hybris the Ogre Fighter began the quest for the Orb.
     0 | D:1      | Reached XP level 1. HP: 24/24 MP: 1/1
   515 | D:1      | Reached XP level 2. HP: 29/32 MP: 2/2
  1399 | D:2      | Found a stormy altar of Qazlal.
  1442 | D:2      | Became a worshipper of Qazlal Stormbringer
  1447 | D:2      | Reached XP level 3. HP: 40/40 MP: 3/3
  2400 | D:3      | Reached skill level 5 in Fighting
  2400 | D:3      | Reached XP level 4. HP: 47/50 MP: 4/4
  2456 | D:3      | Noticed an ogre
  2465 | D:3      | Mangled by an ogre

Vault maps used:
D:1:      tarquinn_simple_flora_water_c
D:2:      overflow_temple_1_default, first_bread
D:3:      nemelex_lonely_heart_becter, uniq_jessica

Skill      XL: |  1  2  3 |
---------------+----------+-----
Maces & Flails | 2 3 |  3.1
Fighting       | 5 |  5.1
Dodging        | |  2.6
Shields        | |  2.6

Action                   |  1- 3 |  4- 6 || total
-------------------------+-------+-------++-------
Melee: Flail             |   160 |    11 ||   171
  Use: Scroll            |     3 |       ||     3
 Stab: Sleeping          |     1 |       ||     1
  Eat: Chunk             |     5 |       ||     5
Armor: Robe              |    58 |       ||    58
Dodge: Dodged            |    71 |       ||    71
Block: Shield            |    91 |     4 ||    95
